 Dungeon Crawl Stone Soup version 0.30-a0-596-g0af90f9a20 (webtiles) character file.

Game seed: 14762764381891219373

62806 Newt the Prestidigitator (level 14, -1/90 HPs)
             Began as a Demonspawn Gladiator on Jan 6, 2023.
             Was a High Priest of Hepliaklqana.
             Slain by an ettin
             ... wielding a +0 dire flail
              (18 damage)
             ... on level 1 of the Orcish Mines.
             The game lasted 00:35:28 (23221 turns).

Newt the Prestidigitator (Demonspawn Gladiator)    Turns: 23221, Time: 00:35:28

Health: -1/90      AC: 18    Str: 16    XL:     14   Next: 65%
Magic:  15/28      EV: 15    Int: 18    God:    Hepliaklqana [*****.]
Gold:   2655       SH:  0    Dex: 16    Spells: 12/33 levels left

rFire   + + +      SeeInvis +    D - +3 Elemental Staff {rElec rF++ rC++ AC+5}
rCold   + + +      Faith    .    (no shield)
rNeg    . . .      Spirit   .    H - +5 robe of Night {Dark Will+ SInv}
rPois   .          Reflect  .    i - +0 helmet "Nuho" {Slay+2}
rElec   +          Harm     .    y - scarf {rC+ rF+}
rCorr   .          Rampage  .    (gloves unavailable)
Will    ++...                    (no boots)
Stlth   ++                       K - amulet of magic regeneration
HPRegen 0.35/turn                q - +4 ring of protection
MPRegen 0.61/turn                M - +6 ring of intelligence

@: very slightly contaminated
A: reduced essence, claws 3, spiny 1, sharp scales 1, demonic magic 1
a: Renounce Religion, Recall Ancestor, Ancestor Identity, Transference, Idealise


You were on level 1 of the Orcish Mines.
You worshipped Hepliaklqana.
Hepliaklqana was extremely pleased with you.
You visited 4 branches of the dungeon, and saw 21 of its levels.
You also visited: Ice Cave.

You collected 3366 gold pieces.
You spent 711 gold pieces at shops.

Inventory:

Hand Weapons
 v - a +1 vampiric lajatang
 D - the +3 Elemental Staff (weapon) {rElec rF++ rC++ AC+5}
   (You acquired it on level 6 of the Dungeon)

   If the wielder is skilled in Evocations, they can discharge powerful blasts
   of elemental energy when striking with it.
   It enhances your fire, ice, earth and air magic.
   AC:        It affects your AC (+5).
   rF:        It greatly protects you from fire.
   rC:        It greatly protects you from cold.
   rElec:     It insulates you from electricity.
Armour
 i - the +0 helmet "Nuho" (worn) {Slay+2}
   (You took it off Robin on level 1 of the Dungeon)

   Slay:      It affects your accuracy & damage with ranged weapons and melee
   (+2).
 p - a +2 leather armour of resistance
 y - a scarf of resistance (worn)
 H - the +5 robe of Night (worn) {Dark Will+ SInv}
   (You found it on level 8 of the Dungeon)

   It shrouds the wearer in darkness, reducing the range at which they can see
   and be seen by others.
   SInv:      It lets you see invisible.
   Will:      It increases your willpower.
Jewellery
 f - a +4 ring of protection
 j - a ring of protection from cold
 o - an amulet of regeneration
 q - a +4 ring of protection (left claw)
 s - a ring of wizardry
 x - a ring of poison resistance
 K - an amulet of magic regeneration (around neck)
 L - a ring of protection from cold
 M - a +6 ring of intelligence (right claw)
Wands
 a - a wand of digging (9)
 z - a wand of mindburst (34)
 C - a wand of flame (28)
 F - a wand of light (13)
 G - a wand of iceblast (24)
 I - a wand of polymorph (3)
 V - a wand of charming (16)
Scrolls
 b - 3 scrolls of poison
 e - a scroll of identify
 r - 14 scrolls of teleportation
 t - 2 scrolls of summoning
 A - 4 scrolls of enchant weapon
 J - a scroll of amnesia
 P - a scroll of fear
 Q - 2 scrolls of fog
 U - 2 scrolls of enchant armour
 Y - a scroll of brand weapon {unknown}
Potions
 c - a potion of might
 d - 2 potions of flight
 h - 11 potions of curing
 k - a potion of magic
 l - a potion of ambrosia
 n - 4 potions of lignification
 E - 3 potions of haste
 N - a potion of resistance
 S - 3 potions of attraction
 T - a potion of cancellation
 X - 2 potions of mutation
 Z - a potion of invisibility {unknown}
Miscellaneous
 g - a lightning rod (4/4)
 m - a phantom mirror


   Skills:
 - Level 6.0 Fighting
 - Level 2.6 Short Blades
 - Level 3.7(6.1) Maces & Flails
 - Level 7.5(8.0) Staves
 - Level 1.7 Throwing
 - Level 5.0 Armour
 - Level 6.0 Dodging
 - Level 2.0 Stealth
 - Level 10.0 Spellcasting
 - Level 6.0 Conjurations
 + Level 2.8 Ice Magic
 - Level 12.0 Air Magic
 - Level 5.0 Invocations
 - Level 13.0 Evocations


You had 12 spell levels left.
You knew the following spells:

 Your Spells              Type           Power      Damage    Failure   Level
a - Shock                 Conj/Air       100%       1d9       1%          1
b - Swiftness             Air            67%        N/A       1%          3
c - Airstrike             Air            33%        2d(5-21)  1%          4
d - Kindle Blastsparks    Fire/Tloc/Air  100%       2d18      4%          3
e - Arcjolt               Conj/Air       29%        1d39      5%          5
f - Lightning Bolt        Conj/Air       29%        1d45      5%          5

Your spell library contained the following spells:

 Spells                   Type           Power      Damage    Failure   Level
 Static Discharge         Conj/Air       100%       2-7/arc   1%          2
 Vhi's Electric Charge    Tloc/Air       90%        N/A       1%          3
 Apportation              Tloc           18%        N/A       8%          1
 Necrotise                Necr           36%        1d5       8%          1
 Slow                     Hex            36%        N/A       8%          1
 Summon Small Mammal      Summ           36%        N/A       8%          1
 Call Canine Familiar     Summ           9%         N/A       24%         3
 Confusing Touch          Hex            9%         N/A       24%         3
 Summon Guardian Golem    Hex/Summ       9%         N/A       24%         3
 Vampiric Draining        Necr           9%         2d6       24%         3
 Cause Fear               Hex            4%         N/A       61%         4
 Metabolic Englaciation   Hex/Ice        10%        N/A       77%         5
 Summon Forest            Summ/Tloc      4%         N/A       91%         5
 Eringya's Noxious Bog    Tmut/Pois      4%         N/A       100%        6
 Dragon Form              Tmut           4%         N/A       100%        7
 Ozocubu's Refrigeration  Ice            14%        4d10      100%        7
 Summon Hydra             Summ           4%         N/A       100%        7
 Borgnjor's Revivificati  Necr           4%         N/A       100%        8
 Ignition                 Fire           6%         3d4       100%        8
 Necromutation            Tmut/Necr      4%         N/A       100%        8
 Death's Door             Necr           4%         N/A       100%        9
 Dragon's Call            Summ           4%         N/A       100%        9
 Fire Storm               Conj/Fire      14%        8d4       100%        9


Dungeon Overview and Level Annotations

Branches:
Dungeon (13/15)            Temple (1/1) D:7            Lair (5/5) D:10
 Shoals (0/4) Lair:2       Spider (0/4) Lair:3        Slime (0/5) Lair:4
    Orc (2/2) D:11          IceCv (visited)
    Elf: Orc:2       Vaults: D:13-14

Altars:
Ashenzari
Cheibriados
Dithmenos
Fedhas
Gozag
Hepliaklqana
Kikubaaqudgha
Makhleb
Nemelex Xobeh
Okawaru
Qazlal
Ru
Sif Muna
Trog
Uskayaw
Vehumet
Wu Jian
Xom
Yredelemnul

Shops:
D:5 (???!   D:8 (   D:12 (   Orc:1 :

Annotations:
D:3 1 runed translucent door
D:5 1 runed translucent door


Innate Abilities, Weirdness & Mutations

Your life essence is reduced to manifest your ancestor. (-10% HP)
You have claws for hands.
You are partially covered in sharp spines.
You are partially covered in razor-sharp scales. (AC +1, Slay +1)
Spells you cast may paralyse adjacent enemies.


Message History

Items here: )) [ †.
You now have 2655 gold pieces (gained 19).
Things that are here:
a +0 plate armour; a +0 scimitar; an orc corpse An ettin comes into view.
It is wielding two +0 dire flails.
The ettin hits you but does no damage.
The ettin hits you with a +0 dire flail!!
You see here 6 gold pieces.
Casting: Lightning Bolt (dangerous; 5% risk of failure)
Confirm with . or Enter, or press ? or * to list all spells.
Okay, then.
Unknown command.
Casting: Lightning Bolt (dangerous; 5% risk of failure)
Confirm with . or Enter, or press ? or * to list all spells.
You feel a surge of power!
Electricity surges outward!
The ettin is moderately wounded.
Leofric avoids your attack. Malevolent energies surge around you.
The ettin is struck by your spines.
The ettin hits you with a +0 dire flail!!
The ettin misses you.
Casting: Arcjolt (dangerous; 5% risk of failure)
Confirm with . or Enter, or press ? or * to list all spells.
You feel a surge of power!
You miscast Arcjolt.
You are very lightly contaminated with residual magic.
Sparks of electricity dance around you. You resist.
The ettin hits you with a +0 dire flail. x2
* * * LOW HITPOINT WARNING * * *
Leofric hits the ettin with a +0 flail.
Aiming: Lightning Bolt (dangerous; 5% risk of failure)
Press: ? - help, Q - select action, (/) - cycle Shift-Dir - straight line, f - ettin
Aim: an ettin, wielding two +0 dire flails (heavily wounded, ally target, 92% to hit)
You feel a surge of power!
The bolt of lightning hits the ettin!!
The ettin is severely wounded.
Malevolent energies surge around you.
You hear a shout! x2
An orc wizard comes into view. It is wielding a +0 dagger.
The ettin hits you with a +0 dire flail!
* * * LOW HITPOINT WARNING * * *
The ettin hits you with a +0 dire flail!!
You die...

###.....#
##......##
#...).#### ..
###∩.<....#
..######...)))....
...#..#..)).......
......#.)[))......
.....R............
#..C@...[........
#......[....##....
.#.........#####..
.............## ..
...............
........>o.....
....#.......
..###......$ .
#.......


You could see the friendly Leofric the knight, an ettin (ally target) and an orc
wizard.

Vanquished Creatures
  A fire giant (D:12)
  A reaper (IceCv)
  Erolcha (D:12)
  A boulder beetle (D:12)
  5 hydras
  3 two-headed ogres
  Urug (D:10)
  3 skeletal warriors (D:11)
  A swamp dragon (Lair:5)
  A wizard (D:8)
  An orc knight (D:11)
  A harpy (Lair:2)
  3 lindwurms (D:11)
  An oklob plant (Lair:5)
  An ugly thing (IceCv)
  2 manticores
  2 cyclopes
  Maurice (D:12)
  3 black mambas
  A molten gargoyle (Lair:5)
  4 elephants
  2 ice statues (IceCv)
  8 cane toads
  A rime drake (Lair:5)
  Maggie (D:9)
  3 kobold demonologists (D:11)
  3 komodo dragons
  4 ice devils (IceCv)
  9 polar bears
  5 trolls
  2 hornets (D:10)
  3 raiju (Lair:5)
  Prince Ribbit (D:9)
  9 blink frogs
  2 dream sheep (Lair:5)
  3 jumping spiders (Lair:3)
  Sigmund (D:2)
  A culicivora (Lair:3)
  3 wyverns
  3 wraiths
  3 slime creatures (D:12)
  A dire elephant simulacrum (IceCv)
  25 yaks
  5 basilisks
  2 steam dragons
  5 vampire mosquitoes
  A death yak simulacrum (IceCv)
  4 wargs (Lair:5)
  An acid dragon (Lair:5)
  A harpy simulacrum (IceCv)
  15 water moccasins
  11 hell hounds (Lair:5)
  18 orc warriors
  2 swamp drakes (Lair:5)
  An ice beast (D:5)
  2 sky beasts
  2 ogres (D:6)
  The ghost of CorgiPerc the Grave Robber, an amateur TrNe of Nemelex Xobeh (D:4)
  16 black bears
  42 wolves
  6 centaurs
  A phantom (D:6)
  3 kobold brigands
  A gnoll sergeant (D:6)
  11 bullfrogs
  3 scorpions
  3 necrophages
  A cane toad simulacrum (IceCv)
  9 wights
  The ghost of Darkkill the Shooter, a weakling MiHu (D:3)
  22 killer bees
  An elephant simulacrum (IceCv)
  An electric eel (Lair:1)
  3 howler monkeys (D:11)
  A lava snake (Lair:5)
  6 hounds
  A jelly (D:6)
  2 gnoll boudas
  10 orc priests
  9 orc wizards
  Natasha (thrice) (D:4)
  7 iguanas
  A polar bear simulacrum (IceCv)
  A spriggan simulacrum (IceCv)
  3 troll simulacra (IceCv)
  2 wolf simulacra (IceCv)
  Robin (D:1)
  5 gnolls
  3 naga simulacra (IceCv)
  7 adders
  2 shadow imps (D:6)
  12 white imps
  4 dart slugs
  50 orcs
  9 ball pythons
  7 endoplasms
  A giant cockroach (D:1)
  9 goblins
  12 hobgoblins
  2 jackals (D:1)
  14 kobolds
  6 quokkas
  3 bats
  5 frilled lizards
  2 jackal skeletons (D:5)
  6 rats
532 creatures vanquished.

Vanquished Creatures (collateral kills)
  A fire dragon (Lair:5)
  A harpy (Lair:2)
  An oklob plant (Lair:2)
  2 black mambas
  An elephant (Lair:2)
  A cane toad (Lair:3)
  A rime drake (Lair:3)
  2 komodo dragons
  3 ice devils (IceCv)
  3 polar bears (Lair:5)
  3 blink frogs
  2 dream sheep (Lair:5)
  A jumping spider (Lair:3)
  A culicivora (Lair:3)
  A wyvern (D:9)
  4 yaks
  2 steam dragons
  A redback (Lair:3)
  A vampire mosquito (D:10)
  2 acid dragons (Lair:5)
  3 hell hounds (Lair:5)
  3 water moccasins
  2 black bears
  2 orc warriors
  4 wolves
  A centaur (D:10)
  2 kobold brigands (D:11)
  A bullfrog (D:8)
  3 killer bees
  An orc priest (D:12)
  4 orc wizards
  A polar bear simulacrum (IceCv)
  A troll simulacrum (IceCv)
  2 spriggan simulacra (IceCv)
  7 white imps
  2 orcs
  A kobold (D:11)
74 creatures vanquished.

Vanquished Creatures (others)
  A komodo dragon (Lair:5)
  A scorpion (D:10)
  An ancestor (D:8)
  5 knights
  An orc wizard (D:7)
  A white imp (IceCv)
  An ufetubus (IceCv)
  2 orcs
  36 fungi
  63 plants
112 creatures vanquished.

Grand Total: 718 creatures vanquished

Notes
Turn   | Place    | Note
-------+----------+-------------------------------------------
     0 | D:1      | Newt the Demonspawn Gladiator began the quest for the Orb.
     0 | D:1      | Reached XP level 1. HP: 16/16 MP: 1/1
   119 | D:1      | Reached skill level 1 in Stealth
   363 | D:1      | Gained mutation: Spells you cast may paralyse adjacent
                  | enemies. [demonic ancestry]
   363 | D:1      | Reached XP level 2. HP: 2/22 MP: 2/2
  1215 | D:2      | Noticed Sigmund
  1222 | D:2      | Identified the +0 helmet "Nuho" {Slay+2}
  1222 | D:2      | Noticed Robin
  1426 | D:1      | Gained mutation: You are partially covered in sharp spines.
                  | [demonic ancestry]
  1426 | D:1      | Reached XP level 3. HP: 26/28 MP: 3/3
  1452 | D:1      | Killed Robin
  1586 | D:2      | Killed Sigmund
  1587 | D:2      | Reached XP level 4. HP: 14/38 MP: 4/4
  1587 | D:2      | Gained mutation: You have sharp fingernails. [demonic
                  | ancestry]
  1587 | D:2      | Reached XP level 5. HP: 16/43 MP: 5/5
  2211 | D:3      | Reached XP level 6. HP: 50/50 MP: 6/6
  2295 | D:3      | Found a runed translucent door.
  2299 | D:3      | Noticed Darkkill's ghost (weakling MiHu)
  2306 | D:3      | Reached skill level 5 in Fighting
  2326 | D:3      | Killed Darkkill's ghost
  2329 | D:3      | Found a runed translucent door.
  2809 | D:4      | Found a runed translucent gate.
  2809 | D:4      | Found a runed translucent gate.
  2809 | D:4      | Found a runed translucent gate.
  2814 | D:4      | Reached skill level 1 in Maces & Flails
  2816 | D:4      | Noticed CorgiPerc's ghost (amateur TrNe)
  2835 | D:4      | Gained mutation: You are partially covered in razor-sharp
                  | scales. (AC +1, Slay +1) [demonic ancestry]
  2835 | D:4      | Reached XP level 7. HP: 55/58 MP: 7/7
  2843 | D:4      | Killed CorgiPerc's ghost
  3208 | D:4      | Noticed Natasha
  3212 | D:4      | Killed Natasha
  3271 | D:4      | Noticed Natasha
  3272 | D:4      | Killed Natasha
  3273 | D:4      | Reached skill level 1 in Staves
  3375 | D:4      | Noticed Natasha
  3384 | D:4      | Killed Natasha
  3581 | D:5      | Entered Level 5 of the Dungeon
  3626 | D:5      | Found Pucweyrao's Magic Scroll Emporium.
  3753 | D:5      | Reached XP level 8. HP: 52/64 MP: 8/8
  3951 | D:5      | Found Yrcha's Antique Weapon Boutique.
  3952 | D:5      | Found Ruwnounk's Magic Scroll Shop.
  3953 | D:5      | Found Aneangaaz's Distillery.
  3953 | D:5      | Found Eneafum's Magic Scroll Boutique.
  3957 | D:5      | Bought a scroll of enchant weapon for 105 gold pieces
  3957 | D:5      | Bought a scroll of identify for 28 gold pieces
  3984 | D:5      | Bought a scroll of identify for 20 gold pieces
  3986 | D:5      | Bought a scroll of identify for 26 gold pieces
  3987 | D:5      | Identified a scroll of acquirement
  3992 | D:5      | Acquired 723 gold pieces
  4015 | D:5      | Found a runed translucent door.
  4019 | D:5      | Found a basalt altar of Yredelemnul.
  4019 | D:5      | Identified the +1 ring mail of the Poles {*Corrode Str+5}
  4269 | D:6      | Reached skill level 1 in Spellcasting
  4289 | D:6      | Acquired 1098 gold pieces
  4674 | D:6      | Reached skill level 5 in Spellcasting
  4712 | D:6      | Reached XP level 9. HP: 37/69 MP: 16/18
  4714 | D:6      | Learned a level 1 spell: Shock
  4735 | D:6      | Reached skill level 5 in Dodging
  5078 | D:6      | Reached skill level 1 in Air Magic
  5589 | D:6      | Acquired the +3 Elemental Staff {rElec rF++ rC++ AC+5}
  5589 | D:6      | Found the +3 Elemental Staff {rElec rF++ rC++ AC+5}
  5746 | D:6      | Found a shimmering blue altar of Sif Muna.
  6860 | D:7      | Reached skill level 5 in Air Magic
  6884 | D:7      | Found a staircase to the Ecumenical Temple.
  6894 | Temple   | Entered the Ecumenical Temple
  7104 | Temple   | Became a worshipper of Hepliaklqana the Forgotten
  7258 | D:7      | Learned a level 3 spell: Swiftness
  7271 | D:7      | Reached skill level 1 in Evocations
  7274 | D:7      | Reached skill level 2 in Evocations
  7616 | D:7      | Identified the +2 dagger "Kumezaup" {flame, Int+7 Stlth+}
  7708 | D:7      | Reached * piety under Hepliaklqana
  7974 | D:7      | Reached skill level 3 in Evocations
  8059 | D:7      | Reached XP level 10. HP: 68/68 MP: 19/19
  8307 | D:8      | Reached skill level 4 in Evocations
  8342 | D:8      | Found Gatys's Weapon Emporium.
  8394 | D:8      | Found an iron altar of Okawaru.
  8445 | D:8      | Reached skill level 5 in Evocations
  8459 | D:8      | Reached skill level 6 in Evocations
  8674 | D:8      | Found a sparkling altar of Nemelex Xobeh.
  8674 | D:8      | Found a blossoming altar of Fedhas.
  8676 | D:8      | Found a hide-covered altar of Uskayaw.
  8685 | D:8      | Reached ** piety under Hepliaklqana
  8686 | D:8      | Remembered your ancestor Leofric as a knight
  8707 | D:8      | Found a shadowy altar of Dithmenos.
  8723 | D:8      | Reached skill level 7 in Evocations
  8759 | D:8      | Noticed a wizard
  8760 | D:8      | Found the +5 robe of Night {Dark Will+ SInv}
  8766 | D:8      | Killed a wizard
  8803 | D:8      | Reached skill level 8 in Evocations
  9336 | D:9      | Learned a level 4 spell: Airstrike
  9350 | D:9      | Noticed a two-headed ogre
  9355 | D:9      | Killed a two-headed ogre
  9356 | D:9      | Reached skill level 9 in Evocations
  9577 | D:9      | Noticed Maggie
  9586 | D:9      | Killed Maggie
  9587 | D:9      | Reached XP level 11. HP: 63/72 MP: 10/20
 10249 | D:9      | Noticed Prince Ribbit
 10260 | D:9      | Killed Prince Ribbit
 10359 | D:9      | Found a broken altar of Ashenzari.
 10586 | D:10     | Entered Level 10 of the Dungeon
 10612 | D:10     | Noticed Urug
 10619 | D:10     | Killed Urug
 10688 | D:10     | Reached *** piety under Hepliaklqana
 10716 | D:10     | Found a staircase to the Lair.
 10749 | D:10     | Reached skill level 5 in Conjurations
 11046 | D:10     | Identified the +1 leather armour of the Moon {rC+ Str+4}
 11197 | D:11     | Found a frozen archway.
 11218 | IceCv    | Entered an ice cave
 11299 | IceCv    | Reached skill level 5 in Staves
 11523 | IceCv    | Noticed a white ugly thing
 11541 | IceCv    | Killed a white ugly thing
 11631 | IceCv    | HP: 3/72 [ice devil (3)]
 11635 | IceCv    | Gained mutation: You have very sharp fingernails. [demonic
                  | ancestry]
 11635 | IceCv    | Reached XP level 12. HP: 37/79 MP: 3/21
 11938 | IceCv    | Noticed a reaper
 11956 | IceCv    | Killed a reaper
 11957 | IceCv    | Reached skill level 1 in Armour
 13081 | D:11     | Reached skill level 5 in Armour
 13176 | D:11     | Noticed a two-headed ogre
 13240 | D:11     | Killed a two-headed ogre
 13241 | D:11     | Reached skill level 10 in Evocations
 13484 | D:11     | Found a staircase to the Orcish Mines.
 13868 | D:11     | Reached skill level 11 in Evocations
 14097 | D:12     | Noticed Erolcha
 14102 | D:12     | Killed Erolcha
 14254 | D:12     | Found Quedis's Antique Weapon Emporium.
 14562 | D:12     | Noticed Maurice
 14581 | D:12     | Noticed a boulder beetle
 14583 | D:12     | Reached skill level 12 in Evocations
 14593 | D:12     | Killed a boulder beetle
 14595 | D:12     | Killed Maurice
 14908 | D:12     | Reached XP level 13. HP: 83/83 MP: 22/22
 14961 | D:12     | Got the Enchiridion on Cold
 15170 | D:12     | Noticed a fire giant
 15184 | D:12     | Killed a fire giant
 15548 | Lair:1   | Entered Level 1 of the Lair of Beasts
 15776 | Lair:1   | Reached skill level 13 in Evocations
 15864 | Lair:1   | Reached skill level 1 in Invocations
 16224 | Lair:1   | Reached **** piety under Hepliaklqana
 16522 | Lair:1   | Reached skill level 5 in Invocations
 16973 | Lair:2   | Got Cerebov's Enchiridion on Displaced Incandescence
 17000 | Lair:2   | Found a staircase to the Shoals.
 17264 | Lair:2   | You fall into a shaft and drop 2 floors!
 17324 | Lair:4   | Reached skill level 10 in Air Magic
 17580 | Lair:4   | Found a staircase to the Slime Pits.
 17785 | Lair:4   | Reached ***** piety under Hepliaklqana
 19240 | Lair:3   | Found a hole to the Spider Nest.
 20161 | Lair:5   | Entered Level 5 of the Lair of Beasts
 20184 | Lair:5   | Gained mutation: You have claws for hands. [demonic
                  | ancestry]
 20184 | Lair:5   | Reached XP level 14. HP: 49/90 MP: 11/23
 21007 | Lair:5   | Learned a level 3 spell: Kindle Blastsparks
 22482 | Lair:5   | Reached skill level 10 in Spellcasting
 22487 | Lair:5   | HP: 4/90 [poisoned by a swamp dragon (poison gas)]
 22495 | Lair:5   | Reached skill level 1 in Ice Magic
 23027 | Orc:1    | Entered Level 1 of the Orcish Mines
 23027 | Orc:1    | Found Naufry's Book Boutique.
 23030 | Orc:1    | Bought a book of Lightning for 532 gold pieces
 23036 | Orc:1    | Learned a level 5 spell: Arcjolt
 23042 | Orc:1    | Learned a level 5 spell: Lightning Bolt
 23064 | Orc:1    | You fall into a shaft and drop 1 floor!
 23064 | Orc:2    | Entered Level 2 of the Orcish Mines
 23069 | Orc:2    | Noticed an orc warlord
 23221 | Orc:1    | Slain by an ettin

Illustrated notes

Levels and vault maps discovered:
D:1:      minmay_arrival_four_circles, layout_loops_corners
D:2:      layout_basic, minmay_misc_feat_hallway, uniq_robin, uniq_sigmund
D:3:      layout_basic, ebering_ghost_sewer_f
D:4:      layout_loops_ring, gammafunk_ghost_split, kennysheep_nondescript,
          uniq_natasha
D:5:      layout_rooms, dk_yredelemnul_ordeal, nicolae_wooded_promenade
D:6:      layout_loops_corners, kennysheep_mini, nzn_random_ring
D:7:      layout_basic, mainiacjoe_overflow_brackets,
          minmay_temple_entry_offerings, minmay_misc_feat_plants
D:8:      cheibrodos_wizards_tower, layout_gridville, okawaru_ov_weapons_minmay,
          grunt_dithmenos_smoke_and_mirrors,
          chequers_temple_overflow_statue_of_worship, serial_shops,
          kennysheep_little_box
D:9:      layout_basic, kennysheep_mini_moat, uniq_maggie, uniq_prince_ribbit1
D:10:     layout_cave_pools, due_lair_maze_entry_diamond, uniq_urug
D:11:     layout_long_grid, orc_david_3, portal_ice_cave_entry_imps,
          minmay_lindwurm_lava
D:12:     layout_roguey, serial_shops, shop, grunt_ministairs_8,
          kennysheep_big_empty_room, kennysheep_just_a_vault, uniq_maurice,
          uniq_erolcha
D:13:     layout_loops_corners, dreamdust_princess_bridge, lemuel_flamethrower_2
Temple:   minmay_temple_bridge_abc
Lair:1:   layout_cave_pods, st_stairs_7, lemuel_fruit_fields,
          serial_bayou_shore_a
Lair:2:   layout_big_grid, nicolae_shoals_entry_roost
Lair:3:   layout_chaotic_city, nicolae_spider_entry_tight_spaces
Lair:4:   layout_layer_cave, slime_entry_1, grunt_forest_large_clearings,
          lemuel_fruit_tree
Lair:5:   hangedman_lair_caniforms_friends, layout_gridlike,
          guppyfry_lair_end_dragon
Orc:1:    layout_diamond_mine, serial_shops, shop, minmay_orc_treasury
Orc:2:    pf_orc_diabolical, layout_diamond_mine, special_room,
          nicolae_shop_vocational

Skill      XL: |  1  2  3  4  5  6  7  8  9 10 11 12 13 14 |
---------------+-------------------------------------------+-----
Stealth        | 1 2 |  2.0
Fighting       | 4 6 |  6.0
Dodging        | 4 6 |  6.0
Maces & Flails | 2 3 |  3.7
Staves         | 3 4 7 |  7.5
Spellcasting   | 6 10 | 10.0
Air Magic      | 5 6 8 11 12 | 12.0
Evocations     | 3 9 12 13 | 13.0
Conjurations   | 6 |  6.0
Armour         | 5 |  5.0
Invocations    | 5 |  5.0
Ice Magic      | 2 |  2.8
Short Blades   | |  2.6
Throwing       | |  1.7

Action                   |  1- 3 |  4- 6 |  7- 9 | 10-12 | 13-15 || total
-------------------------+-------+-------+-------+-------+-------++-------
Melee: Rapier            |   101 |       |       |       |       ||   101
       Punch             |     1 |     2 |     1 |     4 |     5 ||    13
       Flail             |       |    61 |     9 |       |       ||    70
       Dagger            |       |    17 |       |       |       ||    17
       Lajatang          |       |       |   139 |       |       ||   139
       Staff             |       |       |    78 |   430 |   397 ||   905
Throw: Throwing net      |     4 |       |       |       |       ||     4
       Dart              |       |     1 |       |       |       ||     1
 Cast: Airstrike         |       |       |       |    78 |    87 ||   165
       Swiftness         |       |       |       |     1 |       ||     1
       Lightning Bolt    |       |       |       |       |    10 ||    10
       Kindle Blastspark |       |       |       |       |     6 ||     6
       Arcjolt           |       |       |       |       |     2 ||     2
Invok: Ancestor Life: Kn |       |       |       |     1 |       ||     1
       Recall Ancestor   |       |       |       |       |     2 ||     2
Evoke: Wand              |       |       |       |     4 |       ||     4
  Use: Scroll            |     1 |     2 |    12 |     7 |    10 ||    32
       Potion            |       |     1 |       |     8 |     5 ||    14
 Stab: Sleeping          |     4 |     4 |     1 |     3 |     5 ||    17
       Distracted        |       |     1 |     3 |     5 |     5 ||    14
       Paralysed         |       |       |       |    44 |    45 ||    89
Armor: Leather armour    |    37 |    27 |     9 |       |       ||    73
       Ring mail         |       |       |    78 |    26 |       ||   104
       Robe              |       |       |       |   149 |   200 ||   349
Dodge: Dodged            |    75 |    51 |   155 |   327 |   342 ||   950

Table legend: (Time is in decaauts)
 A = Elapsed time spent in this place.
 B = Non-inter-level travel time spent in this place.
 C = Inter-level travel time spent in this place.
 D = Time resting spent in this place.
 E = Time spent auto-exploring this place.
 F = Levels seen in this place.
 G = Mean time per level.
                   A        B        C        D        E       F      G
               +--------+--------+--------+--------+--------+-----+--------+
         Total |  23203 |  22306 |    897 |   6284 |  12678 |  22 | 1054.7 |
       Dungeon |  14255 |  13741 |    514 |   3656 |   7957 |  13 | 1096.5 |
        Temple |    235 |    193 |     42 |      0 |    188 |   1 |  235.0 |
          Lair |   7394 |   7054 |    340 |   1866 |   4366 |   5 | 1478.8 |
  Orcish Mines |    116 |    115 |      1 |      0 |     35 |   2 |   58.0 |
      Ice Cave |   1201 |   1201 |      0 |    761 |    132 |   1 | 1201.0 |
               +--------+--------+--------+--------+--------+-----+--------+

Top non-repeatable levels by time:
     D:6: 2626 daAuts
  Lair:5: 2414 daAuts
    D:11: 1746 daAuts
     D:1: 1557 daAuts
  Lair:4: 1500 daAuts
    D:12: 1452 daAuts
  Lair:3: 1417 daAuts
  Lair:1: 1349 daAuts
     D:9: 1252 daAuts
     D:7: 1201 daAuts
   IceCv: 1201 daAuts
     D:8: 1066 daAuts
     D:4: 886 daAuts
  Lair:2: 712 daAuts
    D:10: 645 daAuts
